 Dungeon Crawl Stone Soup version 0.26.1-11-gd32895ea62 (webtiles) character file.

Game seed: 15201785595112678343

477 nightchill the Spear-Bearer (level 7, -5/52 (56) HPs)
             Began as a Merfolk Fighter on Apr 12, 2021.
             Was an Initiate of the Shining One.
             Slain by a wight
             ... wielding a +3 flail
              (11 damage)
             ... on level 7 of the Dungeon.
             The game lasted 00:04:13 (4030 turns).

nightchill the Spear-Bearer (Merfolk Fighter)       Turns: 4030, Time: 00:04:14

HP:   -5/52 (56)    AC:  9    Str: 18    XL:     7   Next: 11%
MP:   8/9           EV:  4    Int:  8    God:    the Shining One [......]
Gold: 238           SH:  9    Dex: 13    Spells: 6/6 levels left

rFire    . . .     SeeInvis .   a - +0 trident
rCold    . . .     Faith    .   c - +0 kite shield
rNeg     . . .     Spirit   .   o - +0 chain mail
rPois    .         Reflect  .   x - +1 hat
rElec    .         Harm     .   (no cloak)
rCorr    .         Rampage  .   (no gloves)
Will     .....                  (no boots)
Stlth    ..........             (no amulet)
HPRegen  0.17/turn              (no ring)
MPRegen  0.11/turn              (no ring)

@: mighty, glowing, drained
A: change form in water, swift swim, stealthy swim
a: Renounce Religion


You were on level 7 of the Dungeon.
You worshipped the Shining One.
The Shining One was noncommittal.
You visited 1 branch of the dungeon, and saw 5 of its levels.

You collected 238 gold pieces.

Inventory:

Hand Weapons
 a - a +0 trident (weapon)
Missiles
 l - 2 throwing nets (quivered)
 n - 47 poisoned darts
Armour
 b - a +0 scale mail
 c - a +0 kite shield (worn)
 k - a +0 tower shield
 o - a +0 chain mail (worn)
 x - a +1 hat (worn)
Jewellery
 j - an uncursed amulet of guardian spirit {unknown}
 p - a +4 ring of protection {unknown}
Wands
 y - a wand of disintegration (18)
Scrolls
 g - 3 scrolls of teleportation {unknown}
 h - 11 scrolls of identify {unknown}
 i - 4 scrolls of remove curse {unknown}
 m - a scroll of fear {unknown}
 q - a scroll of random uselessness {unknown}
 t - a scroll of immolation {unknown}
 w - a scroll of amnesia {unknown}
 C - a scroll of magic mapping {unknown}
Potions
 d - 3 potions of might
 e - 2 potions of mutation {unknown}
 f - a potion of resistance {unknown}
 r - 2 potions of heal wounds {unknown}
 s - a potion of haste {unknown}
 u - 2 potions of flight {unknown}
 v - a potion of degeneration {unknown}
 z - 2 potions of brilliance {unknown}
 A - 3 potions of curing {unknown}
 B - 2 potions of attraction {unknown}


   Skills:
 + Level 5.3 Fighting
 * Level 8.3 Polearms
 - Level 2.1 Armour
 - Level 3.0 Shields
 + Level 2.6 Invocations


You had 6 spell levels left.
You didn't know any spells.
Your spell library contained the following spells:

 Spells                   Type           Power        Failure   Level
 Animate Skeleton         Necr           0%           100%        1
 Apportation              Tloc           0%           100%        1
 Corona                   Hex            0%           100%        1
 Summon Small Mammal      Summ           0%           100%        1


Dungeon Overview and Level Annotations

Branches:
Dungeon (4/15)
 Temple: D:4-7

Altars:
Cheibriados
Nemelex Xobeh
Okawaru
Qazlal
Ru
Uskayaw
The Shining One


Message History

* * * LOW HITPOINT WARNING * * *
The wight hits you from afar with a cursed +0 halberd.
* * * LOW HITPOINT WARNING * * *
Okay, then.
You feel very mighty all of a sudden. You block the wight's attack.
You hit the wight.
The wight is heavily damaged.
The wight hits you with a +3 flail.
* * * LOW HITPOINT WARNING * * *
The wight hits you with a +2 long sword.
* * * LOW HITPOINT WARNING * * *
You feel drained.
You hit the wight but do no damage.
The wight is heavily damaged.
The wight hits you from afar with a cursed +0 halberd.
* * * LOW HITPOINT WARNING * * *
You feel drained. The wight hits you with a +3 flail!
You die...

... ..#...#. ###.##
#...... ##.....##/.(..#
#.......#.#...####
#..)....#.#......#
...._.....#...##.#
#.......#.#...##.##
#......z#..####z..######
##.....##..[...z@......#
###.## #..##z##.##.##.#
... ....##.....###.#.#
#.#.....###..#####.##.#
#.....## #.#.###.###.# #
#.## #.##.#.## #.# #
#.###.## #.# ###.#####
#.# #.....# #.#


You could see 3 wights.

Vanquished Creatures
  A necrophage (D:7)
  A scorpion (D:4)
  A hound (D:4)
  An orc wizard (D:3)
  Natasha (thrice) (D:2)
  3 worker ants (D:4)
  Robin (D:3)
  2 adders
  2 oozes (D:1)
  A dart slug (D:1)
  3 leopard geckos (D:3)
  9 orcs
  3 giant cockroaches
  23 goblins
  5 hobgoblins
  3 jackals (D:3)
  10 kobolds
  A quokka (D:3)
  4 bats
  4 frilled lizards (D:1)
  A leopard gecko skeleton (D:4)
  6 rats
88 creatures vanquished.

Notes
Turn   | Place    | Note
-------+----------+-------------------------------------------
     0 | D:1      | nightchill the Merfolk Fighter began the quest for the Orb.
     0 | D:1      | Reached XP level 1. HP: 18/18 MP: 1/1
    68 | D:1      | Reached XP level 2. HP: 23/24 MP: 2/2
    92 | D:1      | Reached skill level 4 in Polearms
   527 | D:1      | Reached XP level 3. HP: 30/30 MP: 3/3
  1132 | D:2      | Noticed Natasha
  1137 | D:2      | Killed Natasha
  1138 | D:2      | Reached skill level 5 in Polearms
  1138 | D:2      | Reached XP level 4. HP: 31/37 MP: 4/4
  1242 | D:2      | Noticed Natasha
  1252 | D:2      | Killed Natasha
  1440 | D:2      | Found a stormy altar of Qazlal.
  1493 | D:2      | Noticed Natasha
  1500 | D:2      | Killed Natasha
  1501 | D:2      | Reached skill level 6 in Polearms
  1501 | D:2      | Reached XP level 5. HP: 38/43 MP: 5/5
  1650 | D:2      | Found a glowing golden altar of the Shining One.
  1761 | D:2      | Became a worshipper of the Shining One
  2167 | D:3      | Found a sparkling altar of Nemelex Xobeh.
  2364 | D:3      | Reached skill level 1 in Invocations
  2403 | D:3      | Noticed Robin
  2457 | D:3      | Killed Robin
  2850 | D:3      | Reached skill level 7 in Polearms
  2866 | D:3      | Reached XP level 6. HP: 49/49 MP: 5/7
  3114 | D:3      | Found a hide-covered altar of Uskayaw.
  3360 | D:4      | Reached skill level 5 in Fighting
  3664 | D:4      | Found a sacrificial altar of Ru.
  3852 | D:4      | Found an iron altar of Okawaru.
  3922 | D:4      | You fall into a shaft and drop 3 floors!
  3995 | D:7      | Found a snail-covered altar of Cheibriados.
  3997 | D:7      | Noticed a necrophage
  4018 | D:7      | Killed a necrophage
  4019 | D:7      | Reached skill level 8 in Polearms
  4019 | D:7      | Reached XP level 7. HP: 35/56 MP: 7/9
  4030 | D:7      | Slain by a wight

Illustrated notes

Levels and vault maps discovered:
D:1:      dpeg_arrival_orchard, layout_basic, minmay_pentomino_q4
D:2:      layout_rooms, nicolae_tso_swordbearing_angel,
          lemuel_coloured_pillars_altar, uniq_natasha
D:3:      kennysheep_goblin_castle, layout_basic, lemuel_crystal_altar,
          nicolae_overflow_hidden_temple
D:4:      layout_loops_ring, old_standard_altar,
          nicolae_ru_sacrificial_ziggurat, minivault_5,
          kennysheep_generic_room_16, uniq_sigmund
D:7:      layout_loops_cross, lemuel_doored_altar, old_standard_altar

Skill      XL: |  1  2  3  4  5  6 |
---------------+-------------------+-----
Polearms       | 4 5 6 7 8 |  8.3
Fighting       | 4 5 |  5.3
Invocations    | 1 2 |  2.6
Armour         | |  2.1
Shields        | |  3.0

Action                   |  1- 3 |  4- 6 |  7- 9 || total
-------------------------+-------+-------+-------++-------
Melee: Trident           |   105 |   236 |     7 ||   348
  Use: Potion            |       |       |     1 ||     1
Armor: Scale mail        |    27 |       |       ||    27
       Chain mail        |     2 |    96 |     2 ||   100
Dodge: Dodged            |    25 |    30 |     1 ||    56
Block: Kite shield       |    40 |   113 |     2 ||   155
